2885 views
Uploaded 2020-02-23 16:03:29
Game version 1.32 / 1.32.1
21:00 long 4on4 ladder game on (8)GolemsInTheMist_LV
Saved by ENA1337
2885 views
Uploaded 2020-02-23 16:03:29
Game version 1.32 / 1.32.1
21:00 long 4on4 ladder game on (8)GolemsInTheMist_LV


152 units @ 20.9k
/ 3.1k
53 buildings @ 8k
/ 3.4k

| Lesser Clarity Potion | 3 | 210 |
| Scroll of Town Portal | 1 | 350 |
| Scroll of Healing | 1 | 250 |
| Scroll of Regeneration | 2 | 200 |
| total: | 7 | 1010g |
| Wisp | 39 | 2340 | / | 0 |
| Huntress | 19 | 3705 | / | 380 |
| Frost Wyrm | 1 | 385 | / | 120 |
| total: | 59 | 6430g | / | 500w |
| Altar of Elders | 1 | 180 | / | 50 |
| Moon Well | 3 | 540 | / | 120 |
| Ancient of War | 2 | 300 | / | 120 |
| Hunter's Hall | 1 | 210 | / | 100 |
| Ancient of Wonders | 1 | 90 | / | 30 |
| Tree of Life | 3 | 1020 | / | 555 |
| Tree of Ages | 2 | 640 | / | 360 |
| total: | 11 | 2340g | / | 975w |
| 0:01 | Wisp |
| 0:01 | Wisp |
| 0:05 | Altar of Elders |
| 0:17 | Moon Well |
| 0:36 | Wisp |
| 0:36 | Wisp |
| 0:44 | Wisp |
| 0:50 | Wisp |
| 1:02 | Wisp |
| 1:02 | Wisp |
| 1:50 | Ancient of War |
| 1:52 | Hunter's Hall |
| 2:00 | Ancient of War |
| 2:02 | Wisp |
| 2:05 | Entangling Roots |
| 2:14 | Moon Well |
| 2:30 | Ancient of Wonders |
| 2:42 | Wisp |
| 2:53 | Moon Well |
| 3:13 | Huntress |
| 3:32 | Huntress |
| 3:55 | Huntress |
| 4:06 | Huntress |
| 4:30 | Huntress |
| 5:05 | Huntress |
| 5:36 | Huntress |
| 6:33 | Huntress |
| 6:48 | Huntress |
| 7:03 | Huntress |
| 7:19 | Force of Nature |
| 7:21 | Huntress |
| 7:48 | Wisp |
| 7:48 | Wisp |
| 7:49 | Wisp |
| 8:17 | Tree of Life |
| 8:35 | Scroll of Regeneration |
| 8:35 | Lesser Clarity Potion |
| 8:55 | Wisp |
| 8:56 | Wisp |
| 8:56 | Wisp |
| 10:43 | Wisp |
| 10:43 | Wisp |
| 10:44 | Wisp |
| 10:44 | Wisp |
| 10:44 | Wisp |
| 10:45 | Huntress |
| 10:45 | Huntress |
| 10:56 | Entangling Roots |
| 12:16 | Wisp |
| 12:17 | Wisp |
| 12:17 | Wisp |
| 12:18 | Tree of Ages |
| 12:25 | Lesser Clarity Potion |
| 12:25 | Lesser Clarity Potion |
| 12:35 | Huntress |
| 13:27 | Wisp |
| 13:27 | Wisp |
| 14:36 | Huntress |
| 14:37 | Huntress |
| 14:38 | Wisp |
| 14:38 | Wisp |
| 15:02 | Scroll of Town Portal |
| 15:03 | Scroll of Regeneration |
| 15:14 | Wisp |
| 15:14 | Wisp |
| 15:14 | Wisp |
| 15:14 | Wisp |
| 16:28 | Scroll of Healing |
| 16:45 | Frost Nova |
| 16:57 | Frost Wyrm |
| 16:58 | Huntress |
| 16:59 | Force of Nature |
| 17:18 | Tree of Ages |
| 17:24 | Tree of Life |
| 17:33 | Wisp |
| 19:06 | Huntress |
| 19:09 | Tree of Life |
| 19:39 | Wisp |
| 19:39 | Wisp |
| 19:39 | Wisp |
| 19:39 | Wisp |
| 19:39 | Wisp |
| 19:39 | Wisp |
| 20:03 | Huntress |
| 20:11 | Force of Nature |
| Right click | 1869 |
| Select group | 1298 |
| Select | 306 |
| Assign group | 242 |
| Resource trade | 91 |
| Build/train/purchase | 85 |
| Use ability | 79 |
| Chat | 41 |
| Minimap ping | 24 |
| Misc. action | 19 |
| Remove unit | 8 |



| Rod of Necromancy | 2 | 300 |
| Potion of Mana | 2 | 400 |
| Lesser Clarity Potion | 2 | 140 |
| Orb of Corruption | 1 | 375 |
| Dust of Appearance | 1 | 75 |
| Scroll of Town Portal | 2 | 700 |
| Scroll of Healing | 1 | 250 |
| Potion of Lesser Invulnerability | 1 | 150 |
| total: | 12 | 2390g |
| Acolyte | 2 | 150 | / | 0 |
| Ghoul | 1 | 120 | / | 0 |
| Crypt Fiend | 9 | 1935 | / | 360 |
| Obsidian Statue | 4 | 800 | / | 140 |
| total: | 16 | 3005g | / | 500w |
| Nerubian Tower | 1 | 100 | / | 20 |
| Graveyard | 1 | 215 | / | 0 |
| Crypt | 3 | 600 | / | 150 |
| Altar of Darkness | 1 | 180 | / | 50 |
| Ziggurat | 6 | 900 | / | 300 |
| Tomb of Relics | 1 | 130 | / | 30 |
| Slaughterhouse | 2 | 280 | / | 270 |
| Sacrificial Pit | 1 | 75 | / | 150 |
| Boneyard | 1 | 175 | / | 200 |
| Halls of the Dead | 1 | 320 | / | 210 |
| Black Citadel | 1 | 325 | / | 230 |
| total: | 16 | 2555g | / | 1150w |
| 0:05 | Acolyte |
| 0:05 | Acolyte |
| 0:16 | Graveyard |
| 0:19 | Crypt |
| 0:36 | Altar of Darkness |
| 0:42 | Ziggurat |
| 1:00 | Tomb of Relics |
| 1:20 | Ghoul |
| 1:37 | Crypt Fiend |
| 1:41 | Ziggurat |
| 2:05 | Crypt Fiend |
| 2:18 | Halls of the Dead |
| 2:21 | Nerubian Tower |
| 2:34 | Rod of Necromancy |
| 2:35 | Dust of Appearance |
| 2:41 | Death Coil |
| 2:44 | Crypt |
| 2:44 | Crypt Fiend |
| 3:01 | Crypt |
| 3:02 | Ziggurat |
| 3:13 | Crypt Fiend |
| 3:20 | Creature Attack |
| 3:43 | Crypt Fiend |
| 3:46 | Unholy Aura |
| 4:09 | Crypt Fiend |
| 4:09 | Crypt Fiend |
| 4:13 | Rod of Necromancy |
| 4:26 | Creature Carapace |
| 4:40 | Black Citadel |
| 4:45 | Ziggurat |
| 4:57 | Burrow |
| 4:59 | Slaughterhouse |
| 5:27 | Death Coil |
| 5:41 | Slaughterhouse |
| 5:44 | Web |
| 5:45 | Improved Creature Attack |
| 6:05 | Frost Nova |
| 6:46 | Obsidian Statue |
| 6:50 | Obsidian Statue |
| 7:08 | Potion of Mana |
| 7:08 | Potion of Mana |
| 7:24 | Destroyer Form |
| 7:29 | Ziggurat |
| 7:30 | Ziggurat |
| 7:31 | Sacrificial Pit |
| 7:43 | Scroll of Town Portal |
| 7:44 | Lesser Clarity Potion |
| 7:45 | Lesser Clarity Potion |
| 8:17 | Scroll of Town Portal |
| 8:20 | Orb of Corruption |
| 8:32 | Impale |
| 8:53 | Potion of Lesser Invulnerability |
| 8:53 | Scroll of Healing |
| 8:58 | Boneyard |
| 9:28 | Obsidian Statue |
| 9:28 | Crypt Fiend |
| 10:21 | Frost Armor |
| 10:36 | Crypt Fiend |
| 10:37 | Obsidian Statue |
| 11:22 | Unholy Aura |
| Select group | 1071 |
| Right click | 1060 |
| Assign group | 465 |
| Select | 213 |
| Misc. action | 103 |
| Build/train/purchase | 102 |
| Chat | 40 |
| Use ability | 33 |
| Item give/drop | 6 |
| Minimap ping | 6 |
| Esc | 2 |

| Potion of Healing | 1 | 150 |
| Scroll of Town Portal | 1 | 350 |
| Ritual Dagger | 1 | 125 |
| total: | 3 | 625g |
| Peasant | 27 | 2025 | / | 0 |
| Goblin Shredder | 1 | 375 | / | 100 |
| Crypt Fiend | 3 | 645 | / | 120 |
| Frost Wyrm | 1 | 385 | / | 120 |
| total: | 32 | 3430g | / | 340w |
| Farm | 2 | 160 | / | 40 |
| Lumber Mill | 1 | 120 | / | 0 |
| Altar of Kings | 1 | 180 | / | 50 |
| Town Hall | 1 | 385 | / | 205 |
| Spirit Tower | 1 | 145 | / | 40 |
| Ziggurat | 1 | 150 | / | 50 |
| Boneyard | 1 | 175 | / | 200 |
| total: | 7 | 1170g | / | 545w |
| 0:04 | Peasant |
| 0:04 | Peasant |
| 0:07 | Farm |
| 0:29 | Lumber Mill |
| 0:33 | Peasant |
| 0:34 | Peasant |
| 1:02 | Peasant |
| 1:16 | Peasant |
| 1:16 | Peasant |
| 1:16 | Peasant |
| 1:21 | Altar of Kings |
| 1:25 | Farm |
| 1:31 | Peasant |
| 1:56 | Peasant |
| 3:23 | Summon Water Elemental |
| 4:54 | Brilliance Aura |
| 5:16 | Town Hall |
| 5:53 | Peasant |
| 5:54 | Peasant |
| 5:54 | Peasant |
| 6:45 | Goblin Shredder |
| 8:14 | Peasant |
| 8:14 | Peasant |
| 8:43 | Peasant |
| 8:44 | Peasant |
| 8:44 | Peasant |
| 8:44 | Peasant |
| 8:44 | Peasant |
| 10:12 | Peasant |
| 10:12 | Peasant |
| 11:26 | Brilliance Aura |
| 11:28 | Peasant |
| 11:29 | Peasant |
| 11:29 | Peasant |
| 11:29 | Peasant |
| 11:29 | Peasant |
| 12:17 | Crypt Fiend |
| 12:24 | Boneyard |
| 12:57 | Spirit Tower |
| 13:04 | Ziggurat |
| 13:10 | Crypt Fiend |
| 14:55 | Ritual Dagger |
| 15:08 | Potion of Healing |
| 15:14 | Scroll of Town Portal |
| 15:19 | Frost Wyrm |
| 15:57 | Crypt Fiend |
| 18:33 | Death Coil |
| Right click | 1551 |
| Select group | 497 |
| Select | 285 |
| Resource trade | 161 |
| Assign group | 109 |
| Misc. action | 70 |
| Build/train/purchase | 59 |
| Chat | 44 |
| Use ability | 25 |
| Remove unit | 3 |
| Item give/drop | 2 |
| Minimap ping | 1 |


| Scroll of Regeneration | 2 | 200 |
| Lesser Clarity Potion | 1 | 70 |
| Scroll of Town Portal | 5 | 1750 |
| Scroll of Healing | 4 | 1000 |
| total: | 12 | 3020g |
| Peasant | 8 | 600 | / | 0 |
| Rifleman | 20 | 4100 | / | 600 |
| Mortar Team | 12 | 2160 | / | 840 |
| Abomination | 3 | 720 | / | 210 |
| Crypt Fiend | 2 | 430 | / | 80 |
| total: | 45 | 8010g | / | 1730w |
| Scout Tower | 1 | 30 | / | 20 |
| Arcane Tower | 1 | 70 | / | 50 |
| Farm | 12 | 960 | / | 240 |
| Barracks | 1 | 160 | / | 60 |
| Blacksmith | 1 | 140 | / | 60 |
| Altar of Kings | 1 | 180 | / | 50 |
| Arcane Vault | 1 | 130 | / | 30 |
| Workshop | 1 | 140 | / | 140 |
| Arcane Sanctum | 1 | 150 | / | 140 |
| Keep | 1 | 320 | / | 210 |
| Castle | 1 | 360 | / | 210 |
| Spirit Tower | 1 | 145 | / | 40 |
| total: | 19 | 1890g | / | 740w |
| 0:02 | Peasant |
| 0:10 | Peasant |
| 0:29 | Peasant |
| 0:29 | Peasant |
| 0:46 | Farm |
| 0:50 | Barracks |
| 0:59 | Peasant |
| 1:03 | Blacksmith |
| 1:06 | Altar of Kings |
| 1:07 | Peasant |
| 1:25 | Farm |
| 1:30 | Peasant |
| 1:36 | Peasant |
| 1:58 | Scout Tower |
| 2:07 | Farm |
| 2:15 | Rifleman |
| 2:29 | Rifleman |
| 2:35 | Arcane Tower |
| 2:57 | Rifleman |
| 3:08 | Farm |
| 3:10 | Holy Light |
| 3:37 | Rifleman |
| 3:53 | Keep |
| 3:59 | Devotion Aura |
| 4:12 | Rifleman |
| 4:23 | Farm |
| 4:30 | Black Gunpowder |
| 4:48 | Rifleman |
| 5:03 | Farm |
| 5:11 | Arcane Vault |
| 5:24 | Rifleman |
| 5:37 | Holy Light |
| 5:39 | Rifleman |
| 6:08 | Rifleman |
| 6:28 | Scroll of Regeneration |
| 6:28 | Lesser Clarity Potion |
| 7:25 | Workshop |
| 7:26 | Long Rifles |
| 7:39 | Scroll of Town Portal |
| 7:40 | Siphon Mana |
| 7:51 | Farm |
| 8:12 | Refined Gunpowder |
| 8:52 | Mortar Team |
| 8:52 | Mortar Team |
| 9:14 | Farm |
| 9:27 | Rifleman |
| 9:28 | Mortar Team |
| 10:02 | Mortar Team |
| 10:53 | Flame Strike |
| 10:54 | Farm |
| 11:40 | Scroll of Town Portal |
| 11:40 | Scroll of Healing |
| 11:45 | Disease Cloud |
| 11:46 | Abomination |
| 11:46 | Creature Attack |
| 11:47 | Unholy Armor |
| 12:20 | Scroll of Regeneration |
| 12:26 | Scroll of Town Portal |
| 12:34 | Mortar Team |
| 13:12 | Rifleman |
| 13:12 | Rifleman |
| 13:54 | Castle |
| 13:55 | Farm |
| 13:56 | Farm |
| 14:16 | Crypt Fiend |
| 14:18 | Abomination |
| 14:28 | Divine Shield |
| 14:52 | Scroll of Town Portal |
| 14:54 | Scroll of Healing |
| 14:57 | Rifleman |
| 14:58 | Mortar Team |
| 15:41 | Mortar Team |
| 15:41 | Mortar Team |
| 15:42 | Rifleman |
| 15:51 | Spirit Tower |
| 15:59 | Mortar Team |
| 16:01 | Arcane Sanctum |
| 16:58 | Fragmentation Shards |
| 17:05 | Flame Strike |
| 17:16 | Farm |
| 17:19 | Imbued Gunpowder |
| 17:19 | Studded Leather Armor |
| 17:56 | Scroll of Town Portal |
| 17:56 | Scroll of Healing |
| 17:56 | Scroll of Healing |
| 18:44 | Dark Ritual |
| 18:47 | Spiked Carapace |
| 19:03 | Mortar Team |
| 19:03 | Mortar Team |
| 19:04 | Priest Adept Training |
| 19:06 | Rifleman |
| 19:07 | Holy Light |
| 19:18 | Abomination |
| 19:18 | Crypt Fiend |
| 19:40 | Rifleman |
| 19:40 | Rifleman |
| 19:40 | Rifleman |
| 19:40 | Rifleman |
| 20:04 | Rifleman |
| 20:05 | Mortar Team |
| Select group | 2165 |
| Right click | 1555 |
| Select | 617 |
| Misc. action | 209 |
| Minimap ping | 172 |
| Chat | 168 |
| Build/train/purchase | 99 |
| Use ability | 67 |
| Assign group | 44 |
| Resource trade | 4 |
| Item give/drop | 3 |
| Remove unit | 1 |
132 units @ 19.2k
/ 2.5k
53 buildings @ 9.2k
/ 3k



| Rod of Necromancy | 2 | 300 |
| Lesser Clarity Potion | 2 | 140 |
| Orb of Corruption | 1 | 375 |
| Potion of Healing | 1 | 150 |
| Scroll of Town Portal | 2 | 700 |
| Boots of Speed | 1 | 250 |
| Potion of Lesser Invulnerability | 2 | 300 |
| Healing Salve | 1 | 100 |
| Scroll of Speed | 2 | 100 |
| total: | 14 | 2415g |
| Acolyte | 7 | 525 | / | 0 |
| Ghoul | 2 | 240 | / | 0 |
| Crypt Fiend | 12 | 2580 | / | 480 |
| Obsidian Statue | 6 | 1200 | / | 210 |
| Peon | 4 | 300 | / | 0 |
| Troll Headhunter | 15 | 2100 | / | 300 |
| Demolisher | 5 | 1100 | / | 250 |
| Troll Berserker | 6 | 840 | / | 120 |
| total: | 57 | 8885g | / | 1360w |
| Altar of Darkness | 1 | 180 | / | 50 |
| Ziggurat | 6 | 900 | / | 300 |
| Crypt | 1 | 200 | / | 50 |
| Graveyard | 2 | 430 | / | 0 |
| Tomb of Relics | 1 | 130 | / | 30 |
| Necropolis | 1 | 225 | / | 0 |
| Slaughterhouse | 1 | 140 | / | 135 |
| Halls of the Dead | 1 | 320 | / | 210 |
| Black Citadel | 1 | 325 | / | 230 |
| Watch Tower | 1 | 110 | / | 80 |
| War Mill | 1 | 205 | / | 0 |
| Barracks | 2 | 360 | / | 100 |
| Orc Burrow | 8 | 1280 | / | 320 |
| Voodoo Lounge | 1 | 130 | / | 30 |
| Stronghold | 1 | 315 | / | 190 |
| Fortress | 1 | 325 | / | 190 |
| total: | 26 | 4290g | / | 1095w |
| 0:03 | Acolyte |
| 0:03 | Acolyte |
| 0:09 | Altar of Darkness |
| 0:11 | Ziggurat |
| 0:37 | Crypt |
| 0:48 | Peon |
| 1:02 | Graveyard |
| 1:04 | Graveyard |
| 1:08 | Peon |
| 1:09 | War Mill |
| 1:12 | Barracks |
| 1:21 | Tomb of Relics |
| 1:24 | Ziggurat |
| 1:33 | Peon |
| 1:38 | Ghoul |
| 1:50 | Peon |
| 1:56 | Barracks |
| 2:08 | Ghoul |
| 2:09 | Ziggurat |
| 2:13 | Death Coil |
| 2:21 | Orc Burrow |
| 2:22 | Voodoo Lounge |
| 2:25 | Endurance Aura |
| 2:29 | Rod of Necromancy |
| 2:39 | Crypt Fiend |
| 2:52 | Troll Headhunter |
| 3:01 | Watch Tower |
| 3:09 | Crypt Fiend |
| 3:22 | Troll Headhunter |
| 3:23 | Steel Ranged Weapons |
| 3:38 | Orc Burrow |
| 3:42 | Crypt Fiend |
| 3:42 | Troll Headhunter |
| 3:55 | Troll Headhunter |
| 3:58 | Halls of the Dead |
| 4:00 | Creature Attack |
| 4:09 | Troll Headhunter |
| 4:27 | Unholy Aura |
| 4:33 | Steel Armor |
| 4:34 | Troll Headhunter |
| 4:37 | War Stomp |
| 4:43 | Crypt Fiend |
| 4:43 | Boots of Speed |
| 4:51 | Troll Headhunter |
| 5:03 | Creature Carapace |
| 5:13 | Troll Headhunter |
| 5:39 | Troll Headhunter |
| 5:41 | Crypt Fiend |
| 5:48 | Death Coil |
| 5:55 | War Stomp |
| 6:12 | Troll Headhunter |
| 6:14 | Troll Headhunter |
| 6:37 | Troll Headhunter |
| 6:38 | Crypt Fiend |
| 6:44 | Black Citadel |
| 6:48 | Slaughterhouse |
| 7:09 | Stronghold |
| 7:30 | Scroll of Town Portal |
| 7:31 | Rod of Necromancy |
| 7:33 | Healing Salve |
| 7:33 | Lesser Clarity Potion |
| 7:37 | Scroll of Speed |
| 8:18 | Obsidian Statue |
| 8:22 | Ziggurat |
| 8:24 | Crypt Fiend |
| 8:24 | Burrow |
| 8:25 | Improved Creature Attack |
| 8:32 | Potion of Lesser Invulnerability |
| 8:36 | Scroll of Town Portal |
| 8:51 | Troll Headhunter |
| 8:53 | Spiked Barricades |
| 9:31 | Reinforced Defenses |
| 9:34 | Troll Headhunter |
| 9:35 | Troll Regeneration |
| 9:37 | Orc Burrow |
| 9:37 | Orc Burrow |
| 10:20 | Troll Headhunter |
| 10:24 | Orc Burrow |
| 10:25 | Orc Burrow |
| 10:25 | Orc Burrow |
| 10:38 | Unholy Aura |
| 10:49 | Orb of Corruption |
| 10:52 | Frost Nova |
| 11:00 | Fortress |
| 11:02 | Scroll of Speed |
| 11:02 | Lesser Clarity Potion |
| 11:04 | Potion of Healing |
| 11:24 | Acolyte |
| 11:33 | Ziggurat |
| 12:17 | Ziggurat |
| 12:18 | Advanced Creature Attack |
| 12:19 | Destroyer Form |
| 12:31 | Impale |
| 12:49 | Thorium Ranged Weapons |
| 12:49 | Thorium Armor |
| 12:59 | Potion of Lesser Invulnerability |
| 13:27 | Berserker Upgrade |
| 13:29 | Demolisher |
| 13:34 | Necropolis |
| 13:40 | Web |
| 14:22 | Endurance Aura |
| 14:28 | Troll Berserker |
| 14:50 | Troll Berserker |
| 14:52 | Obsidian Statue |
| 14:56 | Crypt Fiend |
| 15:37 | Acolyte |
| 15:38 | Acolyte |
| 15:38 | Acolyte |
| 15:38 | Acolyte |
| 15:47 | Burning Oil |
| 15:47 | Demolisher |
| 15:49 | Hex |
| 16:01 | Dark Ritual |
| 16:47 | Troll Berserker |
| 17:07 | Demolisher |
| 17:10 | Crypt Fiend |
| 17:24 | Crypt Fiend |
| 17:56 | Demolisher |
| 18:03 | Spiked Carapace |
| 18:07 | Death Coil |
| 18:12 | Troll Berserker |
| 18:13 | Crypt Fiend |
| 18:14 | Obsidian Statue |
| 18:54 | Troll Berserker |
| 18:56 | Crypt Fiend |
| 18:57 | Obsidian Statue |
| 19:22 | Demolisher |
| 19:24 | Obsidian Statue |
| 19:44 | Orc Burrow |
| 20:31 | Frost Nova |
| 20:42 | Impale |
| 20:53 | Troll Berserker |
| 20:55 | Obsidian Statue |
| Select group | 985 |
| Right click | 914 |
| Select | 788 |
| Misc. action | 529 |
| Build/train/purchase | 150 |
| Chat | 143 |
| Assign group | 87 |
| Use ability | 48 |
| Item give/drop | 6 |
| Minimap ping | 5 |
| Esc | 1 |

| Scroll of Town Portal | 2 | 700 |
| Scroll of Healing | 2 | 500 |
| Staff of Teleportation | 1 | 150 |
| total: | 5 | 1350g |
| Wisp | 24 | 1440 | / | 0 |
| Huntress | 19 | 3705 | / | 380 |
| Archer | 6 | 780 | / | 60 |
| total: | 49 | 5925g | / | 440w |
| Ancient Protector | 2 | 270 | / | 160 |
| Altar of Elders | 1 | 180 | / | 50 |
| Moon Well | 4 | 720 | / | 160 |
| Ancient of War | 2 | 300 | / | 120 |
| Hunter's Hall | 1 | 210 | / | 100 |
| Tree of Life | 3 | 1020 | / | 555 |
| Tree of Ages | 1 | 320 | / | 180 |
| total: | 13 | 2700g | / | 1145w |
| 0:02 | Wisp |
| 0:02 | Wisp |
| 0:02 | Wisp |
| 0:13 | Altar of Elders |
| 0:17 | Moon Well |
| 0:39 | Wisp |
| 0:42 | Wisp |
| 0:52 | Wisp |
| 1:01 | Wisp |
| 1:06 | Wisp |
| 1:16 | Wisp |
| 1:31 | Wisp |
| 1:40 | Ancient of War |
| 1:43 | Hunter's Hall |
| 1:51 | Moon Well |
| 1:55 | Wisp |
| 2:12 | Ancient of War |
| 2:15 | Trueshot Aura |
| 2:23 | Wisp |
| 2:45 | Huntress |
| 2:52 | Moon Well |
| 3:09 | Huntress |
| 3:29 | Huntress |
| 3:47 | Huntress |
| 4:07 | Huntress |
| 4:27 | Huntress |
| 4:47 | Moon Well |
| 4:59 | Scout |
| 5:09 | Huntress |
| 5:18 | Huntress |
| 5:36 | Huntress |
| 6:27 | Huntress |
| 6:48 | Huntress |
| 7:11 | Huntress |
| 8:12 | Ultravision |
| 8:13 | Strength of the Moon |
| 8:15 | Moon Armor |
| 8:28 | Trueshot Aura |
| 8:57 | Huntress |
| 9:01 | Sentinel |
| 9:23 | Huntress |
| 10:17 | Huntress |
| 10:37 | Ancient Protector |
| 10:39 | Ancient Protector |
| 11:02 | Improved Strength of the Moon |
| 11:22 | Huntress |
| 11:51 | Huntress |
| 12:35 | Scroll of Town Portal |
| 12:35 | Scroll of Healing |
| 13:46 | Huntress |
| 13:52 | Tree of Life |
| 14:05 | Huntress |
| 14:25 | Searing Arrows |
| 14:42 | Wisp |
| 14:42 | Wisp |
| 15:26 | Tree of Life |
| 15:59 | Wisp |
| 15:59 | Wisp |
| 15:59 | Wisp |
| 15:59 | Wisp |
| 16:00 | Wisp |
| 17:12 | Archer |
| 17:29 | Wisp |
| 17:29 | Wisp |
| 17:29 | Wisp |
| 17:29 | Wisp |
| 17:29 | Wisp |
| 18:17 | Archer |
| 18:47 | Archer |
| 18:47 | Archer |
| 18:55 | Tree of Ages |
| 19:40 | Archer |
| 19:52 | Scroll of Town Portal |
| 19:53 | Staff of Teleportation |
| 19:53 | Scroll of Healing |
| 20:07 | Tree of Life |
| 20:49 | Archer |
| Select group | 1472 |
| Right click | 1398 |
| Select | 454 |
| Chat | 231 |
| Assign group | 128 |
| Build/train/purchase | 94 |
| Minimap ping | 29 |
| Resource trade | 27 |
| Misc. action | 16 |
| Use ability | 13 |
| Esc | 13 |
| Item give/drop | 3 |



| Rod of Necromancy | 3 | 450 |
| Orb of Corruption | 1 | 375 |
| Scroll of Town Portal | 1 | 350 |
| total: | 5 | 1175g |
| Acolyte | 3 | 225 | / | 0 |
| Ghoul | 3 | 360 | / | 0 |
| Crypt Fiend | 4 | 860 | / | 160 |
| Gargoyle | 3 | 525 | / | 90 |
| Obsidian Statue | 8 | 1600 | / | 280 |
| Goblin Shredder | 1 | 375 | / | 100 |
| Goblin Zeppelin | 1 | 240 | / | 60 |
| total: | 23 | 4185g | / | 690w |
| Spirit Tower | 1 | 145 | / | 40 |
| Crypt | 1 | 200 | / | 50 |
| Altar of Darkness | 1 | 180 | / | 50 |
| Ziggurat | 5 | 750 | / | 250 |
| Graveyard | 1 | 215 | / | 0 |
| Tomb of Relics | 1 | 130 | / | 30 |
| Slaughterhouse | 2 | 280 | / | 270 |
| Halls of the Dead | 1 | 320 | / | 210 |
| Black Citadel | 1 | 325 | / | 230 |
| Orc Burrow | 1 | 160 | / | 40 |
| total: | 12 | 1915g | / | 690w |
| 0:01 | Acolyte |
| 0:07 | Crypt |
| 0:09 | Altar of Darkness |
| 0:11 | Acolyte |
| 0:33 | Ziggurat |
| 0:57 | Graveyard |
| 1:13 | Ghoul |
| 1:22 | Tomb of Relics |
| 1:34 | Ghoul |
| 1:50 | Ziggurat |
| 2:18 | Crypt Fiend |
| 2:23 | Death Coil |
| 2:26 | Rod of Necromancy |
| 2:52 | Crypt Fiend |
| 3:26 | Crypt Fiend |
| 3:52 | Halls of the Dead |
| 4:05 | Crypt Fiend |
| 4:19 | Rod of Necromancy |
| 4:40 | Ghoul |
| 4:48 | Unholy Aura |
| 5:13 | Ziggurat |
| 5:14 | Ziggurat |
| 5:25 | Orc Burrow |
| 6:37 | Death Coil |
| 6:43 | Gargoyle |
| 6:43 | Gargoyle |
| 6:43 | Gargoyle |
| 6:46 | Spirit Tower |
| 7:40 | Black Citadel |
| 7:43 | Rod of Necromancy |
| 7:58 | Slaughterhouse |
| 9:10 | Frost Nova |
| 9:23 | Obsidian Statue |
| 10:21 | Goblin Shredder |
| 10:27 | Destroyer Form |
| 10:55 | Goblin Zeppelin |
| 11:32 | Slaughterhouse |
| 11:35 | Obsidian Statue |
| 12:10 | Obsidian Statue |
| 12:37 | Obsidian Statue |
| 13:12 | Orb of Corruption |
| 13:12 | Scroll of Town Portal |
| 14:07 | Frost Armor |
| 14:41 | Obsidian Statue |
| 15:14 | Ziggurat |
| 15:16 | Creature Attack |
| 16:20 | Obsidian Statue |
| 16:22 | Improved Creature Attack |
| 16:48 | Unholy Aura |
| 17:07 | Obsidian Statue |
| 18:25 | Frost Nova |
| 18:54 | Obsidian Statue |
| 19:46 | Acolyte |
| 20:10 | Forked Lightning |
| 20:31 | Death Coil |
| Right click | 932 |
| Select group | 494 |
| Assign group | 342 |
| Select | 216 |
| Build/train/purchase | 74 |
| Use ability | 55 |
| Resource trade | 4 |
| Item give/drop | 3 |
| Remove unit | 2 |
| Minimap ping | 2 |
| Misc. action | 1 |
| Peon | 3 | 225 | / | 0 |
| total: | 3 | 225g | / | 0w |
| Altar of Storms | 1 | 180 | / | 50 |
| Orc Burrow | 1 | 160 | / | 40 |
| total: | 2 | 340g | / | 90w |
| 0:03 | Peon |
| 0:03 | Peon |
| 0:03 | Peon |
| 0:24 | Altar of Storms |
| 0:37 | Orc Burrow |
| Right click | 11 |
| Select | 5 |
| Build/train/purchase | 3 |
⇛